 Dungeon Crawl Stone Soup version 0.30.1-4-g462c640d31 (webtiles) character file.

Game seed: 2363137885163526612

327 Gabide the Stinger (level 6, -5/45 HPs)
             Began as a Demigod Venom Mage on Aug 21, 2023.
             Slain by a kobold brigand
             ... wielding a +0 whip
              (9 damage)
             ... in a sewer.
             The game lasted 00:05:23 (3389 turns).

Gabide the Stinger (Demigod Venom Mage)             Turns: 3389, Time: 00:05:24

Health: -5/45      AC:  4    Str:  8 (9)  XL:     6   Next: 3%
Magic:  5/13       EV: 12    Int: 24 (25) God:
Gold:   84         SH:  0    Dex: 11 (14) Spells: 10/11 levels left

rFire   . . .        a - +2 short sword (drain)
rCold   . . .        (no shield)
rNeg    . . .        e - +1 robe
rPois   .            c - +0 helmet
rElec   .            (no cloak)
rCorr   .            (no gloves)
SInv    .            (no boots)
Will    .....        (no amulet)
Stlth   ++           (no ring)
HPRegen 0.27/turn    (no ring)
MPRegen 0.13/turn

%: no passive effects
@: lethally poisoned (-5 -> -10), hasted and slowed
A: high MP 1, forlorn, divine attributes
a: no special abilities


You were in a sewer.
You visited 1 branch of the dungeon, and saw 3 of its levels.
You also visited: Sewer.

You collected 84 gold pieces.

Inventory:

Hand Weapons
 a - a +2 short sword of draining (weapon)
Armour
 c - a +0 helmet (worn)
 e - a +1 robe (worn)
Scrolls
 g - 3 scrolls of identify {unknown}
 i - a scroll of teleportation {unknown}
 j - 3 scrolls of blinking
Potions
 b - 2 potions of magic
 h - a potion of haste


   Skills:
 - Level 3.0 Dodging
 - Level 3.0 Stealth
 + Level 3.0 Spellcasting
 + Level 2.7 Transmutations
 + Level 3.8 Poison Magic


You had 10 spell levels left.
You knew the following spells:

 Your Spells              Type           Power      Damage    Failure   Level
a - Sting                 Tmut/Pois      76%        1d6       2%          1

Your spell library contained the following spells:

 Spells                   Type           Power      Damage    Failure   Level
 Poisonous Vapours        Pois/Air       24%        N/A       8%          2
 Mephitic Cloud           Conj/Pois/Air  9%         N/A       19%         3
 Olgreb's Toxic Radiance  Pois           22%        N/A       22%         4


Dungeon Overview and Level Annotations

Branches:
Dungeon (3/15)              Sewer (1/1)

Shops:
D:3 =


Innate Abilities, Weirdness & Mutations

You have an increased reservoir of magic. (+10% MP)
You shall have no god before yourself.
Your divine heritage dramatically boosts your attributes as you level up.


Message History

The kobold brigand looks as sick as possible!
The kobold brigand is severely wounded.
* * * LOW HITPOINT WARNING * * *
You feel very sick.
The kobold brigand hits you with a +0 short sword.
* * * LOW HITPOINT WARNING * * *
Unknown command.
Unknown command.
Aiming: Sting (safe; 4% risk of failure)
Press: ? - help, Q - select action Shift-Dir - straight line, f/p - kobold brigand
Aim: a kobold brigand, wielding a +0 short sword and quivering curare-tipped darts (almost dead, extremely poisoned, 67% to hit)
The sting hits the kobold brigand.
The kobold brigand looks as sick as possible!
You kill the kobold brigand!
* * * LOW HITPOINT WARNING * * *
You feel very sick.
You feel your strength returning.
Your Spellcasting skill increases to level 3!
You have reached level 6!
Your experience leads to a dramatic increase in your attributes!
Your base attributes are Str 9, Int 21, Dex 14.
Increase (S)trength, (I)ntelligence, or (D)exterity?
You feel clever. x4
Okay, then.
Unknown command.
Unknown command.
You are lethally poisoned (6 -> -1).
You are under both slowing and hasting effects.
Your movement speed is average.
Your attack delay is about 1.0.
Your damage rating with your +2 short sword of draining is about 7 (Base 5 x 102% (Dex) x 100% (Skill) + 2 (Ench)).
Your base attributes are Str 9, Int 25, Dex 14.
Aiming: Sting (safe; 2% risk of failure)
Press: ? - help, Q - select action Shift-Dir - straight line, f - kobold brigand
Aim: a kobold brigand, wielding a +0 whip and quivering poisoned darts (67% to hit)
The sting hits the kobold brigand but does no damage.
The kobold brigand is poisoned.
* * * LOW HITPOINT WARNING * * *
You feel sick.
The kobold brigand hits you with a +0 whip!
You die...

##### # ##...##
#.### #####....~#
... ~~~~~)....# !..
#####.....# .!. #
##...## #~# ##~##
#K# #~# #K# #~# #@#
##~## ##.## #
##~~.## ##~..##
#####~....####.....#
≈≈≈≈≈~.~..~~†~....~#
#####.....####...~~#
# ##~~.## ##.~.##
##≈## ##~## #≈# #~#


You could see a kobold brigand (poisoned) and a kobold.

Vanquished Creatures
  2 kobold brigands (Sewer)
  Robin (D:1)
  6 adders
  3 river rats
  4 worms
  A dart slug (D:1)
  3 orcs (D:2)
  7 ball pythons
  2 bats (D:1)
  8 endoplasms
  3 giant cockroaches
  8 goblins
  11 hobgoblins
  3 quokkas
  4 frilled lizards
  7 kobolds
  11 rats
84 creatures vanquished.

Notes
Turn   | Place    | Note
-------+----------+-------------------------------------------
     0 | D:1      | Gabide the Demigod Venom Mage began the quest for the Orb.
     0 | D:1      | Reached XP level 1. HP: 14/14 MP: 5/5
    62 | D:1      | Reached skill level 1 in Transmutations
   351 | D:1      | Reached XP level 2. HP: 20/20 MP: 1/7
  1122 | D:1      | Reached XP level 3. HP: 16/26 MP: 1/8
  1196 | D:2      | Noticed Robin
  1283 | D:1      | Killed Robin
  1974 | D:2      | Reached XP level 4. HP: 33/33 MP: 5/10
  2673 | D:3      | Found Orchocoips's Jewellery Emporium.
  2911 | D:3      | Found a glowing drain.
  2924 | Sewer    | Entered a sewer
  2926 | Sewer    | Noticed a kobold brigand
  2955 | Sewer    | Killed a kobold brigand
  2956 | Sewer    | Reached XP level 5. HP: 30/38 MP: 0/12
  3389 | Sewer    | Reached XP level 6. HP: 6/45 MP: 6/13
  3389 | Sewer    | Slain by a kobold brigand

Illustrated notes

Levels and vault maps discovered:
D:1:      shiori_arrival_maze, layout_basic
D:2:      layout_basic, uniq_robin
D:3:      layout_rooms, general_overflow_altar, tgw_kikubaaqudgha,
          lightli_sewer_entry_pipes, serial_shops, nicolae_shop_hallway_stairs,
          shop, shop
Sewer:    sewer_co_15_rooms

Skill      XL: |  1  2  3  4  5 |
---------------+----------------+-----
Transmutations | 1 2 |  2.7
Stealth        | 2 3 |  3.0
Dodging        | 2 3 |  3.0
Spellcasting   | 2 3 |  3.0
Poison Magic   | 3 |  3.8

Action                     |  1- 3 |  4- 6 || total
---------------------------+-------+-------++-------
  Melee: Unarmed           |     5 |       ||     5
         Dagger            |    23 |       ||    23
         Short sword       |     6 |    23 ||    29
   Cast: Sting             |   100 |    90 ||   190
    Use: Scroll            |     2 |     4 ||     6
         Potion            |     1 |     5 ||     6
 Armour: Robe              |    18 |    22 ||    40
  Dodge: Dodged            |    50 |    47 ||    97
